 Dungeon Sprint DCSS version 0.29-a0-468-ge57f7f99b4 (webtiles) character file.

Game seed: 13411047948816660239

75 mhtbhm the Poker (level 4, -2/60 HPs)
             Began as a Merfolk Berserker on May 21, 2022.
             Was a Believer of Trog.
             Succumbed to Crazy Yiuf's poison
             ... in the Dungeon (Sprint III: "The Ten Rune Challenge").
             The game lasted 00:00:20 (177 turns).

mhtbhm the Poker (Merfolk Berserker)                 Turns: 177, Time: 00:00:21

Health: -2/60      AC:  2    Str: 19    XL:     4   Next: 31%
Magic:  4/4        EV: 14    Int:  6    God:    Trog [**....]
Gold:   0          SH:  0    Dex: 13    Spells: 3/3 levels left

rFire   . . .      SeeInvis .   a - +0 spear
rCold   . . .      Faith    .   (no shield)
rNeg    . . .      Spirit   .   b - +0 animal skin
rPois   .          Reflect  .   (no helmet)
rElec   .          Harm     .   (no cloak)
rCorr   .          Rampage  .   (no gloves)
Will    .....      NoTele   +   (no boots)
Stlth   ..........              (no amulet)
HPRegen 0.20/turn               (no ring)
MPRegen 0.09/turn               (no ring)

@: berserking (expiring), lethally poisoned (-2 -> -24), very quick
A: (nimble swimmer 2), mertail
a: Renounce Religion, Berserk, Trog's Hand


You were in the Dungeon.
You worshipped Trog.
Trog was pleased with you.
You visited 1 branch

Inventory:

Hand Weapons
 a - a +0 spear (weapon)
Armour
 b - a +0 animal skin (worn)
Scrolls
 h - a scroll of blinking
Potions
 c - a potion of curing
 d - 2 potions of heal wounds
 e - a potion of haste
 f - 2 potions of magic
 g - a potion of berserk rage


   Skills:
 + Level 6.1 Fighting
 + Level 7.5 Polearms
 + Level 2.3 Armour
 + Level 5.1 Dodging
 + Level 0.7 Stealth


You had 3 spell levels left.
You didn't know any spells.
Your spell library was empty.

Dungeon Overview and Level Annotations

Branches:
Dungeon (1/1)

Altars:


Innate Abilities, Weirdness & Mutations

((You are very nimble when in or above water. (Stealth+, EV+, Speed+++)))
Your lower body shifts to a powerful aquatic tail in water.


Message History

You are too injured to fight recklessly!
You are too injured to fight recklessly!
You are too injured to fight recklessly!
You are too injured to fight recklessly!
You are too injured to fight recklessly!
You are too injured to fight recklessly!
You are too injured to fight recklessly!
You puncture Crazy Yiuf!
Crazy Yiuf is almost dead.
You feel sick.
You feel sick.
You see here a human corpse.
You closely miss Crazy Yiuf.
Crazy Yiuf is almost dead.
You feel sick.
You closely miss Crazy Yiuf.
Crazy Yiuf is almost dead.
You feel sick.
Crazy Yiuf hits you with a +4 quarterstaff of chaos!
* * * LOW HITPOINT WARNING * * *
You are more poisoned.
You closely miss Crazy Yiuf. You tail-slap Crazy Yiuf.
You kill Crazy Yiuf!
Trog accepts your kill.
You hear a splash. x2
* * * LOW HITPOINT WARNING * * *
You feel very sick.
Your Fighting skill increases to level 6!
Your Polearms skill increases to level 7!
Your Dodging skill increases to level 5!
You have reached level 4!
Unknown command.
* * * LOW HITPOINT WARNING * * *
You feel sick.
Things that are here:
a +4 quarterstaff of chaos; a +0 cloak You feel a strong urge to attack something.
* * * LOW HITPOINT WARNING * * *
You feel sick.
You die...

▓▓▓▓ ▓▓▓▓▓▓ ▓<.#
+....♣♣♣ ▓..#
#......♣
▓#'####.....♣♣ .
▓.....#....≈.♣♣♣..
▓.....#...≈≈♣.♣...
▓....)#@.≈≈≈≈♣.♣..
▓####'#..≈≈≈≈≈≈.♣.
▓)....#.≈)≈≈≈≈....
▓....)#.≈≈†≈≈.....
▓.....#.≈≈≈.......
▓'#####...........
▓.................
▓▓▓▓▓▓▓▓▓▓▓▓▓▓▓▓▓▓


There were no monsters in sight!

Vanquished Creatures
  Crazy Yiuf (D)
  Jessica (D)
  A human (D)
  An endoplasm (D)
  A rat (D)
5 creatures vanquished.

Notes
Turn   | Place    | Note
-------+----------+-------------------------------------------
     0 | D        | mhtbhm the Merfolk Berserker began the quest for the Orb.
     0 | D        | Reached XP level 1. HP: 18/18 MP: 1/1
     9 | D        | Noticed Jessica
    17 | D        | Killed Jessica
    17 | D        | Reached ** piety under Trog
    18 | D        | Reached skill level 6 in Polearms
    18 | D        | Reached XP level 2. HP: 21/26 MP: 2/2
    18 | D        | Reached XP level 3. HP: 26/32 MP: 3/3
   157 | D        | Noticed Crazy Yiuf
   167 | D        | Reached skill level 5 in Fighting
   174 | D        | Killed Crazy Yiuf
   175 | D        | Reached skill level 7 in Polearms
   175 | D        | Reached skill level 5 in Dodging
   175 | D        | Reached XP level 4. HP: 6/40 MP: 4/4
   176 | D        | HP: 2/60 [poisoned by Crazy Yiuf]
   177 | D        | Succumbed to Crazy Yiuf's poison

Illustrated notes

Levels and vault maps discovered:
D:        dungeon_sprint_mu [sprint_mu_entry_forest, sprint_mu_temple_rooms,
          sprint_mu_d1_spiders, sprint_mu_d2_genie, sprint_mu_d3_branching,
          sprint_mu_orc_legion, sprint_mu_elf_gauntlet, sprint_mu_hive_nellie,
          sprint_mu_lair_fedhas, sprint_mu_vaults_butterflies,
          sprint_mu_slime_circle, sprint_mu_shoals_archi,
          sprint_mu_snake_twists, sprint_mu_blade_basic, sprint_mu_crypt_lich,
          sprint_mu_tomb_spiral, sprint_mu_vestibule_basic,
          sprint_mu_gehenna_hellfire, sprint_mu_dis_giant,
          sprint_mu_tartarus_statrot, sprint_mu_cocytus_islands, sprint_mu_zot1]

Skill      XL: |  1  2  3 |
---------------+----------+-----
Dodging        | 4 5 |  5.1
Fighting       | 4 6 |  6.1
Polearms       | 6 7 |  7.5
Armour         | 2 |  2.3
Stealth        | |  0.7

Action                   |  1- 3 |  4- 6 || total
-------------------------+-------+-------++-------
Melee: Spear             |    21 |       ||    21
       Tailslap          |     2 |       ||     2
Invok: Berserk           |     2 |       ||     2
 Stab: Sleeping          |     1 |       ||     1
Dodge: Dodged            |     7 |       ||     7

Table legend: (Time is in decaauts)
 A = Elapsed time spent in this place.
 B = Non-inter-level travel time spent in this place.
 C = Inter-level travel time spent in this place.
 D = Time resting spent in this place.
 E = Time spent auto-exploring this place.
 F = Levels seen in this place.
 G = Mean time per level.
                   A        B        C        D        E       F      G
               +--------+--------+--------+--------+--------+-----+--------+
         Total |    175 |    175 |      0 |    126 |      3 |   1 |  175.0 |
       Dungeon |    175 |    175 |      0 |    126 |      3 |   1 |  175.0 |
               +--------+--------+--------+--------+--------+-----+--------+

Top non-repeatable levels by time:
       D: 175 daAuts
